 Dungeon Crawl Stone Soup version 0.18-a0-1035-g72c9994 (webtiles) character file.

289 Duffy the Conjurer (level 6, -3/41 HPs)
             Began as a Mummy Fire Elementalist on Jan 9, 2016.
             Was a Follower of Sif Muna.
             Slain by a sky beast (6 damage)
             ... on level 5 of the Dungeon.
             The game lasted 00:06:52 (4902 turns).

Duffy the Conjurer (Mummy Fire Elementalist)        Turns: 4902, Time: 00:06:52

Health: -3/41      AC:  6    Str: 11    XL:     6   Next: 9%
Magic:  3/11       EV: 12    Int: 16    God:    Sif Muna [*.....]
Gold:   126        SH:  0    Dex: 13    Spells: 3 memorised, 3 levels left

rFire  x . .     SeeInvis +     (no weapon)
rCold  + . .     Gourm    .     a - +0 robe
rNeg   + + +     Faith    +     (no shield)
rPois  ∞         Spirit   .     d - +0 helmet
rElec  .         Dismiss  .     (no cloak)
rCorr  .         Reflect  .     o - +2 pair of gloves
SustAt .         Harm     .     (no boots)
MR     .....                    g - amulet of faith
Stlth  +.........               q - ring of loudness (curse)
                                r - ring of see invisible

@: very slightly contaminated, not resistant to hostile enchantments, very
unstealthy
A: no food or potions, fire vulnerability, cold resistance 1, negative energy
resistance 3, torment resistance, unbreathing
a: Channel Energy, Renounce Religion


You were on level 5 of the Dungeon.
You worshipped Sif Muna.
Sif Muna was aware of your devotion.
You were not hungry.

You visited 1 branch of the dungeon, and saw 5 of its levels.

You collected 126 gold pieces.


Innate Abilities, Weirdness & Mutations

You do not eat or drink.
Your flesh is vulnerable to fire.
You are immune to poison.
Your flesh is cold resistant.
You are immune to negative energy.
You are immune to unholy pain and torment.
You can survive without breathing.


   Skills:
 - Level 1.5 Dodging
 - Level 1.5 Stealth
 + Level 3.4 Spellcasting
 - Level 3.5 Conjurations
 - Level 3.4 Fire Magic


You had 3 spell levels left.
You knew the following spells:

 Your Spells              Type           Power        Failure   Level  Hunger
a - Flame Tongue          Conj/Fire      ##...        6%          1    N/A
j - Sticky Flame          Conj/Fire      ##......     50%         4    N/A
l - Conjure Flame         Conj/Fire      ##......     14%         3    N/A

Inventory:

Armour
 a - a +0 robe (worn)
 d - a +0 helmet (worn)
 o - a +2 pair of gloves (worn)
Jewellery
 g - an amulet of faith (around neck)
 q - a cursed ring of loudness (right hand)
 r - a ring of see invisible (left hand)
Scrolls
 c - a scroll of random uselessness {unknown}
 e - a scroll of blinking {unknown}
 f - a scroll of teleportation {unknown}
 h - 2 scrolls of remove curse {unknown}
 i - 2 scrolls of identify {unknown}
 j - a scroll of enchant weapon {unknown}
 k - a scroll of enchant armour {unknown}
 l - a scroll of magic mapping {unknown}
 m - a scroll of immolation {unknown}
 n - a scroll of fog {unknown}
 p - 2 scrolls of recharging {unknown}
Books
 b - a book of Flames

Dungeon Overview and Level Annotations

Branches:
Dungeon (5/15)             Temple (0/1) D:4

Altars:
Kikubaaqudgha
Nemelex Xobeh
Okawaru
Sif Muna
Trog

Annotations:
D:2 Sigmund


Message History

You hear a sizzling sound.
The sky beast misses you.
You channel some magical energy.
The sky beast hits you. The sky beast shocks you.
Cast which spell? (? or * to list)
Aiming: Sticky Flame
Press: ? - help, Shift-Dir - straight line, f/p - sky beast
Aim: a sky beast You miscast Sticky Flame.
Wisps of smoke drift from your hands.
The sky beast hits you but does no damage.
The sky beast flickers out of sight for a moment.
You fail to use your ability.
The sky beast barely misses you.
The sky beast flickers out of sight for a moment.
You fail to use your ability.
The sky beast hits you but does no damage.
You channel some magical energy.
The sky beast hits you. The sky beast shocks you.
Cast which spell? (? or * to list)
Aiming: Sticky Flame
Press: ? - help, Shift-Dir - straight line, f/p - sky beast
Aim: a sky beast You miscast Sticky Flame.
The fire burns you terribly!
You are blasted with fire.
The sky beast flickers out of sight for a moment.
The sky beast hits you but does no damage.
There is a stone staircase leading down here.
The sky beast flickers out of sight for a moment.
The sky beast hits you but does no damage.
You climb downwards.
A giant frog skeleton comes into view.
Found 28 bolts.
There is a stone staircase leading up here.
The sky beast hits you but does no damage.
The sky beast hits you. The sky beast shocks you.
You die...

### ..#
#.#
#.#####Y#
#....Z.@#
#######.#
###


You could see a sky beast (invisible) and a giant frog skeleton.

Action                   |  1- 3 |  4- 6 || total
-------------------------+-------+-------++-------
Melee: Unarmed           |       |     1 ||     1
 Cast: Flame Tongue      |    96 |    74 ||   170
Invok: Channel Energy    |       |     6 ||     6

Notes
Turn   | Place    | Note
--------------------------------------------------------------
     0 | D:1      | Duffy the Mummy Fire Elementalist began the quest for the Orb.
     0 | D:1      | Reached XP level 1. HP: 13/13 MP: 3/3
    93 | D:1      | Reached skill level 1 in Conjurations
   641 | D:1      | Reached XP level 2. HP: 19/19 MP: 3/5
  1286 | D:1      | Reached skill level 2 in Conjurations
  1636 | D:2      | Reached XP level 3. HP: 17/24 MP: 1/6
  1641 | D:2      | Learned a level 3 spell: Conjure Flame
  1839 | D:2      | Found an iron altar of Okawaru.
  1839 | D:2      | Found a bloodstained altar of Trog.
  2325 | D:2      | Found an ancient bone altar of Kikubaaqudgha.
  2384 | D:2      | Noticed Sigmund
  2827 | D:3      | Found a deep blue altar of Sif Muna.
  2833 | D:3      | Became a worshipper of Sif Muna the Loreminder
  2964 | D:3      | Reached XP level 4. HP: 22/30 MP: 0/7
  3076 | D:3      | Reached skill level 3 in Conjurations
  3287 | D:3      | Reached skill level 3 in Fire Magic
  3709 | D:3      | Found a sparkling altar of Nemelex Xobeh.
  4008 | D:4      | Noticed a phantom
  4354 | D:4      | Killed a phantom
  4354 | D:4      | Reached * piety under Sif Muna
  4354 | D:4      | Reached XP level 5. HP: 28/35 MP: 4/8
  4360 | D:4      | Learned a level 4 spell: Sticky Flame
  4463 | D:4      | Reached skill level 3 in Spellcasting
  4473 | D:4      | Reached XP level 6. HP: 32/41 MP: 1/11
  4594 | D:4      | Found a staircase to the Ecumenical Temple.
  4830 | D:4      | Noticed a sky beast
  4900 | D:5      | Entered Level 5 of the Dungeon
  4902 | D:5      | Slain by a sky beast

Vault maps used:
D:1:      onia_arrival_mini_spirals
D:2:      gammafunk_temple_overflow_elements, nicolae_overflow_crystal_walls,
          uniq_sigmund
D:3:      led_sif_pool, nemelex_xobeh_ov_fountains_minmay
D:4:      kennysheep_little_box, lemuel_temple_firewalk,
          minmay_stone_trees_small, corexii_item_surrounded_by_moat
D:5:      xom_confusion_cloud, amethyst_overflow_temple_binary, first_bread,
          bloody_makhleb

Vanquished Creatures
  A phantom
  2 orc priests
  An orc wizard
  2 gnolls
  5 adders
  An ooze
  3 worms
  2 giant geckos
  2 orcs
  4 bats
  4 giant cockroaches
  9 goblins
  8 hobgoblins
  11 kobolds
  2 quokkas
  A ball python
  2 giant newts
  10 rats
70 creatures vanquished.
